 Dungeon Crawl Stone Soup version 0.25-a0-474-ga8a2ee3166 (webtiles) character file.

Game seed: 17858053600976775714, levelgen mode: deterministic

128 Eurus the Magician (level 4, -4/34 HPs)
             Began as a Mummy Conjurer on Feb 7, 2020.
             Slain by a gnoll
             ... wielding a +0 spear
              (9 damage)
             ... on level 3 of the Dungeon.
             The game lasted 00:06:46 (3217 turns).

Eurus the Magician (Mummy Conjurer)                 Turns: 3217, Time: 00:06:47

Health: -4/34      AC:  3    Str: 11    XL:     4   Next: 86%
Magic:  2/10       EV: 12    Int: 15    God:
Gold:   165        SH:  0    Dex: 12    Spells: 5/11 levels left

rFire    x . .     SeeInvis .   g - +0 dagger (venom)
rCold    + . .     Gourm    .   (no shield)
rNeg     + + +     Faith    .   a - +0 robe
rPois    ∞         Spirit   .   (no helmet)
rElec    .         Reflect  .   b - +0 cloak
rCorr    .         Harm     .   (no gloves)
MR       .....                  (no boots)
Stlth    ++........             (no amulet)
HPRegen  0.11/turn              (no ring)
MPRegen  0.12/turn              (no ring)

@: no status effects
A: no food or potions, fire vulnerability, cold resistance 1, negative energy
resistance 3, torment resistance, unbreathing
a: no special abilities


You were on level 3 of the Dungeon.
You were not hungry.

You visited 1 branch of the dungeon, and saw 3 of its levels.

You collected 165 gold pieces.

Inventory:

Hand Weapons
 g - a +0 dagger of venom (weapon)
 j - a +2 short sword of speed
Armour
 a - a +0 robe (worn)
 b - a +0 cloak (worn)
Jewellery
 f - a +3 ring of dexterity {unknown}
 h - a cursed amulet of inaccuracy {unknown}
Scrolls
 c - 3 scrolls of immolation {unknown}
 d - 2 scrolls of fear {unknown}
 e - a scroll of noise {unknown}
 i - 2 scrolls of identify {unknown}
 k - 2 scrolls of amnesia {unknown}
 l - 2 scrolls of magic mapping {unknown}
 m - a scroll of enchant weapon {unknown}
 n - a scroll of remove curse {unknown}


   Skills:
 + Level 2.4 Fighting
 - Level 1.5 Dodging
 - Level 1.5 Stealth
 + Level 4.2 Spellcasting
 + Level 4.0 Conjurations
 + Level 0.1 Translocations


You had 5 spell levels left.
You knew the following spells:

 Your Spells              Type           Power        Failure   Level  Hunger
a - Magic Dart            Conj           ###.         3%          1    N/A
b - Searing Ray           Conj           ###...       5%          2    N/A
c - Gell's Gravitas       Tloc           #.........   45%         3    N/A

Your spell library contained the following spells:

 Spells                   Type           Power        Failure   Level  Hunger
 Dazzling Flash           Conj/Hex       #.....       24%         3    N/A
 Confusing Touch          Hex            #.......     47%         3    N/A
 Iskenderun's Mystic Bla  Conj/Tloc      #.......     58%         4    N/A
 Fulminant Prism          Conj/Hex       #.........   61%         4    N/A
 Petrify                  Tmut/Erth      #.......     87%         4    N/A
 Metabolic Englaciation   Hex/Ice        #.........   99%         5    N/A
 Yara's Violent Unravell  Hex/Tmut       #.........   99%         5    N/A

Dungeon Overview and Level Annotations

Branches:
Dungeon (3/15)

Altars:
The Shining One

Annotations:
D:2 Terence


Innate Abilities, Weirdness & Mutations

You do not eat or drink.
Your flesh is vulnerable to fire.
You are immune to poison.
Your flesh is cold resistant. (rC+)
You are immune to negative energy. (rN+++)
You are immune to unholy pain and torment.
You can survive without breathing.


Message History

The searing ray misses the gnoll.
The gnoll misses you.
The searing ray hits the gnoll.
The gnoll is moderately wounded.
The gnoll hits you from afar with a +0 spear.
The searing ray hits the gnoll.
The gnoll is severely wounded.
You finish channeling your searing ray.
The gnoll hits you from afar with a +0 spear!
* * * LOW HITPOINT WARNING * * *
Casting: Searing Ray (safe; 5% risk of failure)
Confirm with . or Enter, or press ? or * to list all spells.
Aiming: Searing Ray (safe; 5% risk of failure)
Press: ? - help, Shift-Dir - straight line, f/p - gnoll
Aim: a gnoll, wielding a +0 spear (severely wounded)
The searing ray misses the gnoll. (Press . to maintain the ray.)
The gnoll barely misses you.
The searing ray misses the gnoll.
The gnoll hits you from afar with a +0 spear!
You die...

######################
.................<...#
###################..#
.....# ####.## .....#
#######....# .....#
#.....#@#### ....>#
#.....#)# .....##
#.....#g#
......####.......#
...............###
#.....#....)(..#
#.......##.†)..#
#....#.###....(#
#...##.# #g.†..#


You could see a gnoll.

Vanquished Creatures
  A howler monkey zombie (D:3)
  2 adders (D:2)
  2 oozes
  2 worms (D:2)
  3 dart slugs
  A leopard gecko (D:1)
  2 giant cockroaches (D:2)
  9 goblins
  3 hobgoblins
  16 jackals
  11 kobolds
  2 quokkas
  2 ball pythons (D:2)
  5 bats
  4 frilled lizards
  5 rats
70 creatures vanquished.

Notes
Turn   | Place    | Note
-------+----------+-------------------------------------------
     0 | D:1      | Eurus the Mummy Conjurer began the quest for the Orb.
     0 | D:1      | Reached XP level 1. HP: 13/13 MP: 4/4
   256 | D:1      | Reached XP level 2. HP: 20/20 MP: 4/6
   260 | D:1      | Learned a level 2 spell: Searing Ray
   324 | D:1      | Reached skill level 1 in Fighting
  1055 | D:1      | You fall into a shaft and drop 1 floor!
  1056 | D:2      | Noticed Terence
  1220 | D:2      | Reached XP level 3. HP: 26/26 MP: 3/7
  2149 | D:2      | Reached XP level 4. HP: 31/33 MP: 9/9
  2658 | D:2      | Found a glowing golden altar of the Shining One.
  2970 | D:3      | Learned a level 3 spell: Gell's Gravitas
  3217 | D:3      | Slain by a gnoll

Levels and vault maps discovered:
D:1:      minmay_arrival_checkered_box, layout_basic
D:2:      layout_basic, lemuel_statue_altar, uniq_terence
D:3:      layout_rooms, minivault_5, minivault_26, uniq_jessica

Skill      XL: |  1  2  3  4 |
---------------+-------------+-----
Spellcasting   | 3 4 |  4.2
Fighting       | 1 2 |  2.4
Conjurations   | 4 |  4.0
Dodging        | |  1.5
Stealth        | |  1.5
Translocations | |  0.1

Action                   |  1- 3 |  4- 6 || total
-------------------------+-------+-------++-------
Melee: Unarmed           |     4 |       ||     4
       Dagger            |    64 |    66 ||   130
       Short sword       |       |    14 ||    14
 Cast: Magic Dart        |    46 |    17 ||    63
       Searing Ray       |     1 |     4 ||     5
 Stab: Distracted        |     1 |       ||     1
       Sleeping          |     1 |       ||     1
Armor: Robe              |    18 |    24 ||    42
Dodge: Dodged            |    56 |    77 ||   133

Table legend:
 A = Non-vault XP
 B = Vault XP
 C = Vault XP percentage of total XP
 D = Non-vault monster count
 E = Vault monster count
 F = Vault count percentage of total count
                 A         B        C        D         E       F
            +---------+---------+-------+---------+---------+-------
      Total |     183 |       0 |   0.0 |      70 |       0 |   0.0
            +---------+---------+-------+---------+---------+-------
        D:1 |      31 |       0 |   0.0 |      16 |       0 |   0.0
        D:2 |      87 |       0 |   0.0 |      29 |       0 |   0.0
        D:3 |      65 |       0 |   0.0 |      25 |       0 |   0.0
            +---------+---------+-------+---------+---------+-------
